 Dungeon Crawl Stone Soup version 0.28-a0-1429-gf3d713d (webtiles) character file.

Game seed: 14903071625508523245

37 Blackhawk the Poker (level 3, -3/28 HPs)
             Began as a Demonspawn Gladiator on Jan 8, 2022.
             Killed from afar by a smoke demon (9 damage)
             ... with a sticky flame
             ... on level 1 of the Abyss.
             The game lasted 00:01:13 (1135 turns).

Blackhawk the Poker (Demonspawn Gladiator)          Turns: 1135, Time: 00:01:14

Health: -3/28      AC:  4    Str: 16    XL:     3   Next: 21%
Magic:  3/3        EV: 12    Int:  9    God:
Gold:   37         SH:  0    Dex: 14    Spells: 2/2 levels left

rFire   . . .      SeeInvis .   a - +0 trident
rCold   . . .      Faith    .   (no shield)
rNeg    . . .      Spirit   .   b - +0 leather armour
rPois   .          Reflect  .   c - +0 helmet
rElec   .          Harm     .   (no cloak)
rCorr   .          Rampage  .   (no gloves)
Will    .....                   (no boots)
Stlth   +.........              (no amulet)
HPRegen 0.09/turn               (no ring)
MPRegen 0.16/turn               (no ring)

@: on fire, glowing
A: magic regeneration, weakness stinger 1
a: no special abilities


You were on level 1 of the Abyss.
You visited 1 branch of the dungeon, and saw 2 of its levels.
You visited the Abyss 1 time.

You collected 37 gold pieces.

Inventory:

Hand Weapons
 a - a +0 trident (weapon)
Missiles
 d - 3 throwing nets (quivered)
Armour
 b - a +0 leather armour (worn)
 c - a +0 helmet (worn)
Scrolls
 e - 2 scrolls of enchant weapon {unknown}
 h - a scroll of enchant armour {unknown}
Potions
 f - a potion of curing
 g - 2 potions of haste {unknown}


   Skills:
 + Level 2.5 Fighting
 + Level 3.1 Polearms
 + Level 2.2 Throwing
 + Level 3.0 Dodging


You had 2 spell levels left.
You didn't know any spells.
Your spell library contained the following spells:

 Spells                   Type           Power      Damage    Failure   Level
 Tukima's Dance           Hex            0%         N/A       83%         3
 Passage of Golubria      Tloc           0%         N/A       99%         4
 Yara's Violent Unravell  Hex/Tmut       0%         3d3       100%        5


Dungeon Overview and Level Annotations

Branches:
Dungeon (2/15)

Altars:

Annotations:
D:2 Robin


Innate Abilities, Weirdness & Mutations

You regenerate magic rapidly.
You have a small tail.


Message History

You are too injured to fight recklessly!
You are too injured to fight recklessly!
You are too injured to fight recklessly!
You are too injured to fight recklessly!
You are too injured to fight recklessly!
You are too injured to fight recklessly!
You are too injured to fight recklessly!
You are too injured to fight recklessly!
You closely miss Robin.
Robin is severely wounded.
Robin barely misses you. The goblin hits you but does no damage.
You hit Robin but do no damage.
Your tail-slap misses Robin.
Robin is severely wounded.
The hobgoblin closely misses you. Robin closely misses you.
The goblin hits you but does no damage.
You closely miss Robin.
Robin is severely wounded.
The hobgoblin barely misses you.
Robin hits you with a +5 whip of distortion.
* * * LOW HITPOINT WARNING * * *
Space warps around you.
* * * LOW HITPOINT WARNING * * *
The goblin hits you with a +0 dagger.
* * * LOW HITPOINT WARNING * * *
The hobgoblin completely misses you.
You hit Robin but do no damage.
Robin is severely wounded.
Robin says, "Bow before me, strongest of all the hobgoblins!"
Robin hits you with a +5 whip of distortion.
* * * LOW HITPOINT WARNING * * *
You are cast into the Abyss!
This branch contains the abyssal rune of Zot.
A smoke demon appears in a shower of translocational energy.
An apocalypse crab comes into view.
A starcursed mass comes into view.
The smoke demon roars!
The smoke demon gestures at you. The sticky flame hits you!
You are covered in liquid flames!
You die...

# .## #. .#..# #.
..#.# .## .#
#...###.# ..#
#.#..#.## ...#
##..#..#@#
#..##.....#.#...#
#... #.....#.##.#
.###...##.3...#.#
.....#....##..#..
........#..#..#.
###.##.#.#.#..#...##
# . #.... .#..##..#
t..###.#.#.#......#


You could see a smoke demon.

Vanquished Creatures
  2 dart slugs (D:1)
  3 ball pythons (D:1)
  2 bats (D:1)
  3 endoplasms (D:1)
  5 hobgoblins
  3 kobolds (D:1)
  2 quokkas (D:1)
  2 frilled lizards (D:1)
  5 goblins
  2 rats (D:1)
29 creatures vanquished.

Notes
Turn   | Place    | Note
-------+----------+-------------------------------------------
     0 | D:1      | Blackhawk the Demonspawn Gladiator began the quest for the
                  | Orb.
     0 | D:1      | Reached XP level 1. HP: 16/16 MP: 1/1
   391 | D:1      | Gained mutation: You have a small tail. [demonic ancestry]
   391 | D:1      | Reached XP level 2. HP: 22/22 MP: 2/2
  1015 | D:1      | Gained mutation: You regenerate magic rapidly. [demonic
                  | ancestry]
  1015 | D:1      | Reached XP level 3. HP: 27/28 MP: 3/3
  1071 | D:2      | Noticed Robin
  1086 | D:2      | Cast into level 1 of the Abyss (Robin)
  1113 | Abyss:1  | Noticed a smoke demon
  1121 | Abyss:1  | Noticed an apocalypse crab
  1122 | Abyss:1  | Noticed a starcursed mass
  1135 | Abyss:1  | Killed from afar by a smoke demon

Illustrated notes

Levels and vault maps discovered:
D:1:      psy_arrival_terrarium, layout_loops_ring, minmay_pentomino_x4
D:2:      layout_loops_ring, uniq_natasha, uniq_robin
Abyss:1:  base:
D:2

Skill      XL: |  1  2 |
---------------+-------+-----
Throwing       | 2 |  2.2
Polearms       | 3 |  3.1
Dodging        | 3 |  3.0
Fighting       | |  2.5

Action                   || total
-------------------------++-------
Melee: Trident           ||    91
       Tailslap          ||     4
       Punch             ||     3
 Stab: Sleeping          ||     2
Armor: Leather armour    ||    17
Dodge: Dodged            ||    39

Table legend: (Time is in decaauts)
 A = Elapsed time spent in this place.
 B = Non-inter-level travel time spent in this place.
 C = Inter-level travel time spent in this place.
 D = Time resting spent in this place.
 E = Time spent auto-exploring this place.
 F = Levels seen in this place.
 G = Mean time per level.
                   A        B        C        D        E       F      G
               +--------+--------+--------+--------+--------+-----+--------+
         Total |   1147 |   1130 |     17 |      0 |    950 |   3 |  382.3 |
       Dungeon |   1098 |   1081 |     17 |      0 |    924 |   2 |  549.0 |
         Abyss |     48 |     48 |      0 |      0 |     26 |   1 |   48.0 |
               +--------+--------+--------+--------+--------+-----+--------+

Top non-repeatable levels by time:
     D:1: 1065 daAuts
 Abyss:1: 48 daAuts
     D:2: 33 daAuts
